 Dungeon Crawl Stone Soup version 0.29.1-2-gbd0b4ee654 (webtiles) character file.

Game seed: 4613526064566279981

69 DemonSlayer the Firebug (level 4, 0/31 HPs)
             Began as a Demonspawn Fire Elementalist on Nov 23, 2022.
             Slain by an orc
             ... wielding a +0 short sword
              (2 damage)
             ... on level 2 of the Dungeon.
             The game lasted 00:02:34 (1338 turns).

DemonSlayer the Firebug (DsFE)                      Turns: 1338, Time: 00:02:35

Health: 0/31       AC:  2    Str:  8 (10) XL:     4   Next: 2%
Magic:  1/7        EV: 12    Int: 15 (16) God:
Gold:   34         SH:  0    Dex: 13 (14) Spells: 7/8 levels left

rFire   . . .      SeeInvis .   d - +1 hand axe (flame)
rCold   . . .      Faith    .   (no shield)
rNeg    . . .      Spirit   .   a - +0 robe
rPois   .          Reflect  .   (no helmet)
rElec   .          Harm     .   (no cloak)
rCorr   .          Rampage  .   (no gloves)
Will    .....                   (no boots)
Stlth   ++........              (no amulet)
HPRegen 0.10/turn               (no ring)
MPRegen 0.10/turn               (no ring)

@: mighty
A: demonic guardian 1, foul stench 1
a: no special abilities


You were on level 2 of the Dungeon.
You visited 1 branch of the dungeon, and saw 2 of its levels.

You collected 34 gold pieces.

Inventory:

Hand Weapons
 d - a +1 hand axe of flaming (weapon)
Armour
 a - a +0 robe (worn)
Scrolls
 e - 2 scrolls of teleportation {unknown}
 f - a scroll of poison {unknown}
 i - a scroll of butterflies {unknown}
 k - a scroll of identify {unknown}
Potions
 b - a potion of magic
 h - a potion of curing {unknown}
 j - a potion of cancellation {unknown}


   Skills:
 + Level 0.6 Fighting
 + Level 1.2 Axes
 + Level 2.2 Dodging
 + Level 2.0 Stealth
 + Level 2.5 Spellcasting
 + Level 1.4 Conjurations
 + Level 3.0 Fire Magic


You had 7 spell levels left.
You knew the following spells:

 Your Spells              Type           Power      Damage    Failure   Level
a - Foxfire               Conj/Fire      32%        2x1d5     9%          1

Your spell library contained the following spells:

 Spells                   Type           Power      Damage    Failure   Level
 Scorch                   Fire           22%        2d6       9%          2
 Conjure Flame            Conj/Fire      8%         6-21      26%         3
 Inner Flame              Hex/Fire       6%         N/A       34%         3
 Flame Wave               Conj/Fire      8%         2d5       63%         4


Dungeon Overview and Level Annotations

Branches:
Dungeon (1/15)

Altars:


Innate Abilities, Weirdness & Mutations

A weak demonic guardian rushes to your aid.
You may rarely emit foul miasma when damaged in melee.


Message History

You're too confused to cast spells.
Something hits you. The orc barely misses you.
You're too confused to cast spells.
You can't go down here!
Something hits you. The orc closely misses you.
You completely miss something. You hit the orc. You burn the orc.
You miss something. You closely miss the orc.
Reactivating autopickup.
You feel a bit more experienced. The orc closely misses you.
Your Fire Magic skill increases to level 3!
You have reached level 4!
You feel agile.
Your demonic ancestry asserts itself...
You feel the presence of a demonic guardian.
The orc attacks as you move away! The orc hits you with a +0 short sword.
You feel less confused.
You hit the goblin. You burn the goblin.
The goblin is severely wounded.
You hit the orc but do no damage. The goblin hits you with a +0 dagger.
The orc hits you with a +0 short sword.
Casting: Foxfire (safe; 8% risk of failure)
Confirm with . or Enter, or press ? or * to list all spells.
You conjure some foxfire!
The goblin closely misses you. The orc hits you with a +0 flail!
* * * LOW HITPOINT WARNING * * *
A demonic guardian appears!
The orc hits you with a +0 short sword.
* * * LOW HITPOINT WARNING * * *
It was a potion of degeneration.
There was something very wrong with that liquid.
You feel weakened.
You feel dopey.
You feel clumsy.
The foxfire hits the orc but does no damage.
The foxfire hits the goblin.
You kill the goblin!
The orc barely misses you. The orc closely misses you.
Unknown command.
Unknown command.
Unknown command.
It was a potion of might.
You feel very mighty all of a sudden. The orc hits you with a +0 short sword.
You die...

#o #.. #.. go #.. #.#
###. #.#### #.# #.#.
#....# #.# ... #....# #.#
######.####....##########
#.....?)....##...........
#......5)o.)#############
#....#.#@...# #.# #.
#......o....# #.# #.
.....#.#....# #.# #.
#...........# #.# #.
#............. #.. #.
####.########.# ### #. ..
.# #. #. # .... .###


You could see 2 orcs and a friendly white imp (summoned).

Vanquished Creatures
  2 orc wizards (D:2)
  An orc (D:2)
  3 ball pythons (D:1)
  An endoplasm (D:1)
  2 goblins
  A hobgoblin (D:1)
  3 bats (D:1)
  3 frilled lizards (D:1)
  5 kobolds (D:1)
  A rat (D:1)
22 creatures vanquished.

Vanquished Creatures (others)
  42 foxfires
42 creatures vanquished.

Grand Total: 64 creatures vanquished

Notes
Turn   | Place    | Note
-------+----------+-------------------------------------------
     0 | D:1      | DemonSlayer the Demonspawn Fire Elementalist began the
                  | quest for the Orb.
     0 | D:1      | Reached XP level 1. HP: 13/13 MP: 3/3
   644 | D:1      | Gained mutation: You may rarely emit foul miasma when
                  | damaged in melee. [demonic ancestry]
   644 | D:1      | Reached XP level 2. HP: 19/19 MP: 1/5
  1285 | D:1      | You fall into a shaft and drop 1 floor!
  1328 | D:2      | Reached skill level 1 in Axes
  1328 | D:2      | Reached XP level 3. HP: 20/25 MP: 0/6
  1334 | D:2      | Reached skill level 3 in Fire Magic
  1334 | D:2      | Gained mutation: A weak demonic guardian rushes to your
                  | aid. [demonic ancestry]
  1334 | D:2      | Reached XP level 4. HP: 15/31 MP: 1/7
  1338 | D:2      | Slain by an orc

Illustrated notes

Levels and vault maps discovered:
D:1:      heliophobic_arrival_enchanted_forest, layout_loops_cross,
          serial_forest, infiniplex_forest_clump_diagonal,
          infiniplex_forest_straight_3, infiniplex_forest_end_3,
          infiniplex_forest_straight_1, infiniplex_forest_lined_corner,
          infiniplex_forest_end_1, infiniplex_forest_corner_1,
          minmay_close_crescents
D:2:      layout_basic, serial_co_window_serial, co_window_cross_1,
          co_window_corner_a, co_window_of_opportunity_a, co_window_corner_a,
          co_window_cross_1, co_window_paths_b, co_window_cross_1,
          co_window_cross_3, co_window_2corner, co_window_corner_cb,
          co_window_broadway_b, glass_columns_a, glass_columns_a,
          glass_columns_a, uniq_robin

Skill      XL: |  1  2  3 |
---------------+----------+-----
Dodging        | 2 |  2.2
Axes           | 1 |  1.2
Stealth        | 2 |  2.0
Fire Magic     | 3 |  3.0
Fighting       | |  0.6
Spellcasting   | |  2.5
Conjurations   | |  1.4

Action                   |  1- 3 |  4- 6 || total
-------------------------+-------+-------++-------
Melee: Hand axe          |    40 |     1 ||    41
       Unarmed           |     1 |       ||     1
       Punch             |     1 |       ||     1
 Cast: Foxfire           |    28 |     1 ||    29
  Use: Potion            |       |     2 ||     2
 Stab: Sleeping          |     1 |       ||     1
Armor: Robe              |    23 |       ||    23
Dodge: Dodged            |    52 |     3 ||    55
